 Dungeon Crawl Stone Soup version 0.32-a0-913-g739538afd8 (webtiles) character file.

Game seed: 18280526590042993627

133 MachoJfn the Shield-Bearer (level 5, -2/42 HPs)
             Began as a Formicid Fighter on Apr 8, 2024.
             Slain by an orc
             ... wielding a +0 trident
              (4 damage)
             ... on level 3 of the Dungeon.
             The game lasted 00:04:15 (1920 turns).

MachoJfn the Shield-Bearer (Formicid Fighter)       Turns: 1920, Time: 00:04:16

Health: -2/42      AC:  7    Str: 23    XL:     5   Next: 40%
Magic:  5/5        EV:  8    Int:  7    God:
Gold:   203        SH: 10    Dex: 13    Spells: 4/4 levels left

rFire   . . .        a - +0 war axe
rCold   . . .        c - +0 buckler
rNeg    . . .        b - +0 scale mail
rPois   .            (helmet unavailable)
rElec   .            (no cloak)
rCorr   .            (no gloves)
SInv    +            (no boots)
Will    .....        l - amulet of reflection Stlth
                     (no ring)
HPRegen 0.27/turn    (no ring)
MPRegen 0.09/turn

%: reflection
@: mighty
A: permanent stasis, dig shafts and tunnels, antennae 3, four strong arms
a: Dig, Shaft Self


You were on level 3 of the Dungeon.
You visited 1 branch of the dungeon, and saw 3 of its levels.

You collected 203 gold pieces.

Inventory:

Hand Weapons
 a - a +0 war axe (weapon)
Missiles
 e - 19 stones
Armour
 b - a +0 scale mail (worn)
 c - a +0 buckler (worn)
Jewellery
 l - an amulet of reflection (around neck)
Scrolls
 h - a scroll of identify
Potions
 j - 3 potions of invisibility


   Skills:
 + Level 3.8 Fighting
 + Level 3.4 Axes
 + Level 4.1 Armour
 + Level 0.3 Dodging
 + Level 1.0 Stealth
 + Level 4.9 Shields


You had 4 spell levels left.
You didn't know any spells.
Your spell library contained the following spells:

 Spells                   Type           Power      Damage    Failure   Level
 Magic Dart               Conj           0%         1d3       80%         1
 Searing Ray              Conj           0%         2d4       90%         2
 Fulminant Prism          Conj/Alch      0%         3d5       100%        4


Dungeon Overview and Level Annotations

Branches:
Dungeon (3/15)

Altars:
Ashenzari
Elyvilon
Gozag
Okawaru


Innate Abilities, Weirdness & Mutations

You cannot be hasted, slowed, berserked, paralysed or teleported.
You can dig through walls and to a lower floor.
You have a pair of large antennae on your head. (SInv)
Your four strong arms can wield two-handed weapons with a shield.


Message History

An orc comes into view. It is wielding a +0 trident.
The orc wizard mumbles some strange words.
The orc wizard flickers and vanishes for a moment.
You hit the orc wizard but do no damage.
The orc wizard is heavily wounded.
You closely miss the orc.
The orc hits you from afar with a +0 trident.
You block the orc's attack. The orc wizard misses you.
You barely miss the orc wizard.
The orc wizard is heavily wounded.
You hit the orc.
The orc wizard hits you but does no damage.
The orc hits you from afar with a +0 trident.
The orc hits you with a +0 hand axe.
You barely miss the orc wizard.
The orc wizard is heavily wounded.
You closely miss the orc. The orc wizard closely misses you.
The orc closely misses you. The orc hits you with a +0 hand axe. x2
The orc completely misses you. You block the orc wizard's attack.
You closely miss the orc wizard.
The orc wizard is heavily wounded.
You barely miss the orc. The orc hits you but does no damage.
You block the orc's attack.
The orc wizard hits you but does no damage.
You hit the orc wizard.
The orc wizard is severely wounded.
You slash the orc!
You kill the orc!
The orc wizard hits you with a +0 dagger.
* * * LOW HITPOINT WARNING * * *
You block the orc's attack. x2
The orc wizard casts a spell at you. The puff of flame hits you.
* * * LOW HITPOINT WARNING * * *
You feel very mighty all of a sudden. The orc wizard casts a spell at you.
The magic dart hits you.
* * * LOW HITPOINT WARNING * * *
The orc hits you from afar with a +0 trident.
You die...

######
#.o@.#
#o##)#
#, #.#
#.# #.#
#.# ##
#.#####
..
#.#...#
..
#...#.#
..


You could see an orc wizard (invisible) and an orc.

Vanquished Creatures
  Jessica (D:2)
  Robin (D:3)
  5 adders
  A dart slug (D:1)
  2 orcs (D:3)
  A bat (D:2)
  4 endoplasms
  3 giant cockroaches
  15 goblins
  2 hobgoblins
  A quokka (D:1)
  A ball python (D:1)
  3 frilled lizards
  3 kobolds
  5 rats
48 creatures vanquished.

Notes
Turn   | Place    | Note
-------+----------+-------------------------------------------
     0 | D:1      | MachoJfn the Formicid Fighter began the quest for the Orb.
     0 | D:1      | Reached XP level 1. HP: 18/18 MP: 1/1
   514 | D:1      | Reached XP level 2. HP: 24/24 MP: 2/2
  1053 | D:2      | Noticed Jessica
  1058 | D:2      | Reached XP level 3. HP: 29/29 MP: 3/3
  1065 | D:2      | Killed Jessica
  1066 | D:2      | Reached XP level 4. HP: 23/36 MP: 4/4
  1456 | D:2      | Found an iron altar of Okawaru.
  1664 | D:3      | Found a broken altar of Ashenzari.
  1729 | D:3      | Noticed Robin
  1735 | D:3      | Killed Robin
  1736 | D:3      | Reached XP level 5. HP: 41/42 MP: 5/5
  1737 | D:3      | Reached skill level 1 in Stealth
  1742 | D:3      | Found an opulent altar of Gozag.
  1870 | D:3      | Found a white marble altar of Elyvilon.
  1920 | D:3      | HP: 2/42 [orc wizard/magic dart (6)]
  1920 | D:3      | Slain by an orc

Illustrated notes

Levels and vault maps discovered:
D:1:      sevenhm_arrival_forest_fort_large_3, layout_loops_corners
D:2:      layout_rooms, basic_altar, uniq_jessica
D:3:      layout_basic, amcnicky_altar_gilded, nicolae_elyvilon_peaceful_grove,
          nicolae_overflow_hidden_temple, nicolae_ashenzari_panopticon,
          old_standard_altar, uniq_robin

Skill      XL: |  1  2  3  4  5 |
---------------+----------------+-----
Armour         | 4 |  4.1
Axes           | 3 |  3.4
Stealth        | 1 |  1.0
Fighting       | |  3.8
Dodging        | |  0.3
Shields        | |  4.9

Action                     |  1- 3 |  4- 6 || total
---------------------------+-------+-------++-------
  Melee: War axe           |    31 |    83 ||   114
    Use: Scroll            |       |     4 ||     4
         Potion            |       |     2 ||     2
 Armour: Scale mail        |    15 |    67 ||    82
  Dodge: Dodged            |     8 |    35 ||    43
  Block: Buckler           |     4 |    58 ||    62
         Reflection        |       |     1 ||     1

Table legend: (Time is in decaauts)
 A = Elapsed time spent in this place.
 B = Non-inter-level travel time spent in this place.
 C = Inter-level travel time spent in this place.
 D = Time resting spent in this place.
 E = Time spent auto-exploring this place.
 F = Levels seen in this place.
 G = Mean time per level.
                   A        B        C        D        E       F      G
               +--------+--------+--------+--------+--------+-----+--------+
         Total |   1965 |   1872 |     93 |     73 |   1396 |   3 |  655.0 |
       Dungeon |   1965 |   1872 |     93 |     73 |   1396 |   3 |  655.0 |
               +--------+--------+--------+--------+--------+-----+--------+

Top non-repeatable levels by time:
     D:1: 1003 daAuts
     D:2: 683 daAuts
     D:3: 278 daAuts
